 Dungeon Crawl Stone Soup version 0.29.1-4-g47bece8355 (webtiles) character file.

Game seed: 12173097264478448535

289 Peloso the Covered (level 6, -5/55 HPs)
             Began as a Minotaur Fighter on Dec 8, 2022.
             Killed from afar by Natasha (17 damage)
             ... with a bolt of dispelling energy
             ... on level 2 of the Dungeon.
             The game lasted 00:02:46 (1723 turns).

Peloso the Covered (Minotaur Fighter)               Turns: 1723, Time: 00:02:46

Health: -5/55      AC:  8    Str: 21    XL:     6   Next: 9%
Magic:  5/5        EV:  9    Int:  5    God:
Gold:   89         SH:  5    Dex: 11    Spells: 5/5 levels left

rFire   . . .      SeeInvis .   c - +4 short sword (venom)
rCold   + . .      Faith    .   d - +0 buckler
rNeg    . . .      Spirit   .   b - +0 scale mail
rPois   .          Reflect  .   (helmet restricted)
rElec   .          Harm     .   (no cloak)
rCorr   .          Rampage  .   k - +0 pair of gloves
Will    +....                   (no boots)
Stlth   ..........              (no amulet)
HPRegen 0.18/turn               h - ring of willpower
MPRegen 0.09/turn               j - ring of protection from cold

@: no status effects
A: horns 2, retaliatory headbutt
a: no special abilities


You were on level 2 of the Dungeon.
You visited 1 branch of the dungeon, and saw 2 of its levels.

You collected 89 gold pieces.

Inventory:

Hand Weapons
 a - a +0 long sword
 c - a +4 short sword of venom (weapon)
Armour
 b - a +0 scale mail (worn)
 d - a +0 buckler (worn)
 k - a +0 pair of gloves (worn)
Jewellery
 h - a ring of willpower (left hand)
 j - a ring of protection from cold (right hand)
Scrolls
 f - a scroll of silence {unknown}
 g - 3 scrolls of identify {unknown}
Potions
 e - a potion of might
 i - a potion of flight {unknown}
 l - a potion of heal wounds {unknown}


   Skills:
 + Level 4.8 Fighting
 + Level 0.2(2.2) Short Blades
 + Level 4.0 Long Blades
 + Level 5.5 Armour
 + Level 0.9 Dodging
 + Level 0.2 Stealth
 + Level 5.0 Shields


You had 5 spell levels left.
You didn't know any spells.
Your spell library was empty.

Dungeon Overview and Level Annotations

Branches:
Dungeon (2/15)

Altars:

Annotations:
D:2 Natasha


Innate Abilities, Weirdness & Mutations

You have a pair of horns on your head.
You reflexively headbutt those who attack you in melee.


Message History

You hit the worm. You headbutt the worm.
The worm is moderately wounded.
You hit the worm.
The worm is poisoned.
Your headbutt misses the worm.
The worm is severely wounded.
The worm barely misses you. You furiously retaliate!
You headbutt the worm!
You kill the worm!
Natasha, Servant of Life and Death comes into view.
She is carrying a wand of quicksilver (8).
Natasha hisses angrily.
Natasha is nearby!
Natasha is nearby!
You miss Natasha. Natasha claws you.
You barely miss Natasha. Natasha claws you.
You miss Natasha. Natasha barely misses you.
You barely miss Natasha. Natasha claws you.
You closely miss Natasha.
Natasha zaps a wand.
The bolt of dispelling energy hits you!
You hit Natasha.
Natasha is poisoned.
Natasha is moderately wounded.
Natasha casts a spell at you. The magic dart hits you!
You closely miss Natasha.
Natasha is moderately wounded.
Natasha claws you. You block Natasha's attack.
You puncture Natasha!
You kill Natasha!
Natasha screams in pain as she dies!
Your Shields skill increases to level 5!
You have reached level 6!
Natasha, Servant of Life and Death comes into view.
She is carrying a wand of quicksilver (7).
Natasha is nearby!
Natasha is nearby!
Natasha hisses angrily.
Natasha zaps a wand.
The bolt of dispelling energy hits you!
* * * LOW HITPOINT WARNING * * *
Natasha stares at you and mumbles some strange words.
You resist with almost no effort.
You hit Natasha.
Natasha is moderately wounded.
Natasha zaps a wand.
The bolt of dispelling energy hits you!
You die...

.# #.....######.#. ..#. .#
##.#.##.....####.#. ##
#####+#..#..........#'
#..................)..
#.#......#........†...
##########.#...................
###................#.............
.........†.........#.....##......
..............##@h.##....##......
....########'###.####....##......
....# #...#.# #....######.. ....#
###'#.#####.#.### #.. #####
#....†......#...####..
#.....#########...##.. #.....'.#
###.##.. ############.....#.#
#..#.. ...................#
##....


You could see Natasha.

Vanquished Creatures
  Sigmund (D:2)
  Natasha (twice) (D:2)
  2 adders (D:2)
  A worm (D:2)
  3 dart slugs
  A bat (D:1)
  6 endoplasms
  2 giant cockroaches
  4 goblins
  3 hobgoblins
  3 jackals (D:1)
  6 kobolds (D:2)
  2 quokkas
  4 ball pythons
  2 rats (D:2)
42 creatures vanquished.

Vanquished Creatures (others)
  3 plants (D:1)
3 creatures vanquished.

Grand Total: 45 creatures vanquished

Notes
Turn   | Place    | Note
-------+----------+-------------------------------------------
     0 | D:1      | Peloso the Minotaur Fighter began the quest for the Orb.
     0 | D:1      | Reached XP level 1. HP: 19/19 MP: 0/0
   175 | D:1      | Reached XP level 2. HP: 27/27 MP: 1/1
  1040 | D:2      | Reached XP level 3. HP: 33/33 MP: 2/2
  1179 | D:2      | Noticed Sigmund
  1187 | D:2      | Killed Sigmund
  1188 | D:2      | Reached skill level 5 in Armour
  1188 | D:2      | Reached XP level 4. HP: 31/41 MP: 3/3
  1188 | D:2      | Reached XP level 5. HP: 36/47 MP: 4/4
  1647 | D:2      | Noticed Natasha
  1653 | D:2      | Killed Natasha
  1677 | D:2      | Noticed Natasha
  1687 | D:2      | Killed Natasha
  1688 | D:2      | Reached skill level 5 in Shields
  1688 | D:2      | Reached XP level 6. HP: 20/55 MP: 5/5
  1720 | D:2      | Noticed Natasha
  1723 | D:2      | Killed from afar by Natasha

Illustrated notes

Levels and vault maps discovered:
D:1:      amcnicky_arrival_feature_with_door, layout_loops_cross, serial_forest,
          infiniplex_forest_lined_3, infiniplex_forest_end_2,
          infiniplex_forest_lined_2, infiniplex_forest_end_2,
          infiniplex_forest_straight_5, infiniplex_forest_clump_long,
          infiniplex_forest_end_2, infiniplex_forest_straight_2
D:2:      layout_basic, minivault_19, uniq_sigmund, uniq_natasha

Skill      XL: |  1  2  3  4  5 |
---------------+----------------+-----
Fighting       | 4 |  4.8
Shields        | 4 5 |  5.0
Armour         | 4 5 |  5.5
Long Blades    | 3 4 |  4.0
Short Blades   | |  0.2
Dodging        | |  0.9
Stealth        | |  0.2

Action                   |  1- 3 |  4- 6 || total
-------------------------+-------+-------++-------
Melee: Long sword        |    40 |       ||    40
       Headbutt          |    13 |     6 ||    19
       Short sword       |    19 |    35 ||    54
  Use: Potion            |     3 |       ||     3
       Scroll            |     1 |       ||     1
Armor: Scale mail        |    19 |     6 ||    25
Dodge: Dodged            |    20 |    10 ||    30
Block: Buckler           |    14 |     9 ||    23
